 Dungeon Crawl Stone Soup version 0.21-a0-450-gd87a9b2 (webtiles) character file.

84669 soberaf the Fighter (level 15, -6/96 HPs)
             Began as a Gargoyle Fighter on Nov 12, 2017.
             Was the Champion of Kikubaaqudgha.
             Mangled by namelastname112's ghost (27 damage)
             ... on level 4 of the Swamp on Nov 19, 2017.
             The game lasted 02:02:40 (33386 turns).

soberaf the Fighter (Gargoyle Fighter)             Turns: 33386, Time: 02:02:41

Health: -6/96      AC: 22    Str: 19    XL:     15   Next: 81%
Magic:  31/34      EV: 12    Int: 23    God:    Kikubaaqudgha [******]
Gold:   1620       SH:  5    Dex: 12    Spells: 8/36 levels left

rFire    + + .     SeeInvis .   a - +3 morningstar (drain)
rCold    + . .     Gourm    .   z - +0 buckler {reflect}
rNeg     + + .     Faith    .   C - +3 leather armour {rF+}
rPois    ∞         Spirit   .   b - +0 Maxwell's etheric cage {RegenMP+ *Contam rElec MP+4}
rElec    +         Reflect  +   H - +0 cloak
rCorr    .         Harm     .   m - +0 pair of gloves
MR       +....                  x - +0 pair of boots
Stlth    +.........             y - amulet "Bopny" {RegenMP Dex+2 Slay+2}
HPRegen  0.26/turn              q - ring of Ohoaguq {rF+ rN+ Int+8} MPRegen 0.99/turn*
                                B - ring of protection from cold

@: flying
A: big wings, negative energy resistance 1, electricity resistance, unbreathing,
petrification resistance, rot immunity, AC +11
a: Stop Flying, Receive Corpses, Torment, Brand Weapon With Pain, Receive
Necronomicon, Renounce Religion


You were on level 4 of the Swamp.
You worshipped Kikubaaqudgha.
Kikubaaqudgha was exalted by your worship.
You were not hungry.

You visited 4 branches of the dungeon, and saw 25 of its levels.
You also visited: Volcano.

You collected 1834 gold pieces.
You spent 214 gold pieces at shops.

Inventory:

Hand Weapons
 a - a +3 morningstar of draining (weapon)
Missiles
 w - a throwing net (quivered)
Armour
 b - the +0 Maxwell's etheric cage (worn) {RegenMP+ *Contam rElec MP+4}
   (You acquired it on level 6 of the Dungeon)

   It insulates you from electricity.
   It affects your magic capacity (+4).
   It causes magical contamination when unequipped.
 m - a +0 pair of gloves (worn)
 x - a +0 pair of boots (worn)
 z - a +0 buckler of reflection (worn)
 C - a +3 leather armour of fire resistance (worn)
 D - a +2 robe of magic resistance
 H - a +0 cloak (worn)
Jewellery
 q - the ring of Ohoaguq (left hand) {rF+ rN+ Int+8}
   (You found it on level 6 of the Lair of Beasts)

   [ring of protection from fire]

   It affects your intelligence (+8).
   It protects you from fire.
   It protects you from negative energy.
 y - the amulet "Bopny" (around neck) {RegenMP Dex+2 Slay+2}
   (You found it on level 12 of the Dungeon)

   [amulet of magic regeneration]

   It increases your magic regeneration.
   It affects your dexterity (+2).
   It affects your accuracy and damage with ranged weapons and melee attacks
   (+2).
 B - a ring of protection from cold (right hand)
 G - an uncursed ring of see invisible
 K - an uncursed ring of fire
Wands
 e - a wand of clouds (3/9)
 t - a wand of disintegration (11/24)
 P - a wand of lightning (7/15)
 Q - a wand of paralysis (9/24)
Scrolls
 g - a scroll of amnesia
 i - 2 scrolls of recharging
 j - a scroll of fear {unknown}
 k - 13 scrolls of remove curse
 r - 7 scrolls of teleportation
 v - a scroll of magic mapping
 A - 3 scrolls of blinking
 J - a scroll of torment
Potions
 h - a potion of invisibility
 l - 2 potions of cancellation
 n - a potion of resistance
 o - 2 potions of ambrosia
 p - 3 potions of brilliance
 u - 2 potions of magic
 E - 2 potions of haste
 F - a potion of curing
 I - a potion of berserk rage
 L - 3 potions of might
 M - a potion of lignification
Books
 d - a book of the Warp

   Spells                             Type                      Level
   a - Gell's Gravitas                Translocation                3
   b - Portal Projectile              Hexes/Translocation          3
   c - Force Lance                    Conjuration/Translocation    4
   d - Dispersal                      Translocation                6
   e - Controlled Blink               Translocation                8
   f - Disjunction                    Translocation                8
Miscellaneous
 c - a phantom mirror
 s - a box of beasts
Comestibles
 f - 10 bread rations


   Skills:
 + Level 12.2 Fighting
 + Level 10.5 Maces & Flails
 - Level 4.0 Armour
 + Level 3.0 Dodging
 - Level 4.0 Shields
 - Level 11.0 Spellcasting
 - Level 12.1 Conjurations
 - Level 6.0 Summonings
 + Level 10.9 Necromancy
 - Level 8.0 Ice Magic


You had 8 spell levels left.
You knew the following spells:

 Your Spells              Type           Power        Failure   Level  Hunger
a - Throw Icicle          Conj/Ice       ######..     1%          4    None
b - Summon Ice Beast      Ice/Summ       #####...     3%          4    None
c - Conjure Flame         Conj/Fire      #####...     1%          3    None
d - Bolt of Draining      Conj/Necr      ######....   1%          5    ####...
e - Blink                 Tloc           N/A          9%          2    None
f - Control Undead        Necr           ######....   1%          4    None
g - Death Channel         Necr           ######....   10%         6    #####..


Dungeon Overview and Level Annotations

Branches:
Dungeon (13/15)            Temple (0/1) D:6            Lair (6/6) D:11
  Swamp (4/4) Lair:3       Spider (0/4) Lair:3        Slime (0/5) Lair:6
    Orc (2/2) D:10
    Elf: Orc:2       Vaults: D:13-14

Altars:
Ashenzari
Elyvilon
Hepliaklqana
Kikubaaqudgha
Nemelex Xobeh
Okawaru
Qazlal
Sif Muna
Uskayaw
Wu Jian
Yredelemnul
Zin
The Shining One
Beogh
Jiyva

Shops:
D:6 [   D:12 :[%}(   Orc:1 :}

Annotations:
D:5 cirnu's ghost, novice DsFi
D:7 1 runed door, exclusion: door
Lair:6 exclusion: door
Swamp:4 namelastname112's ghost, adept FoWn
Orc:2 Azrael; Saint Roka


Innate Abilities, Weirdness & Mutations

You are resistant to torment.
Your stone body is resilient. (AC +11)
You are immune to poison.
Your large and strong wings let you fly indefinitely.
You resist negative energy. (rN+)
You are resistant to electric shocks. (rElec)
You can survive without breathing.
You are immune to petrification.
You are immune to rotting.


Message History

Your ice beast barely misses the swamp dragon.
Your ice beast closely misses the swamp dragon.
Your ice beast barely misses the swamp dragon.
There is a stone staircase leading up here.
Your ice beast disappears in a puff of smoke!
Namelastname112's ghost hits you!
* * * LOW HITPOINT WARNING * * *
x2 Your ice beast looks more healthy.
The swamp dragon breathes poison at you.
The blast of poison engulfs namelastname112's ghost.
Namelastname112's ghost completely resists.
Casting: Summon Ice Beast
Confirm with . or Enter, or press ? or * to list all spells.
A chill wind blows around you.
Namelastname112's ghost barely misses you.
Casting: Summon Ice Beast
Confirm with . or Enter, or press ? or * to list all spells.
A chill wind blows around you. Namelastname112's ghost hits you!!
You die...
Kikubaaqudgha rasps: "You have failed me!
Welcome... oblivion!"

≈≈≈..♣.♣♣♣≈♣...♣.♣♣♣Y♣≈♣♣♣.≈≈§♣♣.
≈≈. ♣.♣.♣.♣♣..♣≈♣.♣.♣♣♣♣♣..≈≈≈≈♣♣
≈.♣♣).♣.♣.♣.♣♣.Y♣.♣♣ ♣..<≈≈≈≈≈♣
≈≈♣.♣.♣♣♣.Y.♣.♣.♣♣♣♣♣♣♣≈≈.D≈≈≈♣♣♣
...≈.♣.♣.♣♣♣.♣.♣.♣.♣≈♣≈...Y≈≈≈.♣♣
..≈♣♣.♣.♣.♣.♣♣♣≈♣.♣...§≈≈≈≈.≈≈.♣♣
♣♣ ♣.♣♣♣.♣..≈♣Y♣♣♣.♣.≈≈..≈≈♣≈♣♣♣♣
♣♣.♣.♣♣♣.♣.♣W♣.♣♣...≈.≈≈≈≈≈≈♣†
♣♣♣♣♣.♣.♣♣♣.Y@♣♣♣≈≈...≈≈≈≈≈≈♣≈
♣♣.♣♣♣♣≈.....♣♣≈♣......♣≈≈≈≈≈≈.
♣≈..♣.≈≈≈♣.♣≈.≈.≈....≈≈≈≈≈≈≈≈♣.
♣♣..≈≈≈≈.≈.......≈.≈♣♣.♣≈≈≈≈♣..
♣♣.≈♣...)♣...♣≈..≈♣♣♣♣♣♣♣≈≈♣...
♣....♣...♣♣.≈.♣♣.♣♣ ♣♣≈≈.≈.
♣♣..♣♣♣.♣♣♣♣.♣♣♣♣♣ ♣♣≈♣♣. ♣♣♣♣
♣♣♣ ♣♣♣ ♣♣♣♣


You could see namelastname112's ghost and 2 friendly ice beasts.

Vanquished Creatures
  A thorn hunter (Swamp:3)
  9 hydras
  A ghost crab (Swamp:3)
  2 centaur warriors (D:13)
  14 alligators
  3 two-headed ogres (Volcano)
  An orc high priest (Orc:2)
  Nergalle (Lair:3)
  An unseen horror (D:10)
  A swamp dragon (Swamp:2)
  A wizard (Lair:6)
  An orb spider (Lair:3)
  2 manticores
  16 elephants
  A salamander (Volcano)
  6 black mambas
  18 spiny frogs
  6 komodo dragons
  5 rime drakes
  A kobold demonologist (D:11)
  4 trolls
  6 hornets
  3 tyrant leeches
  4 bog bodies
  5 slime creatures (Swamp:1)
  7 dream sheep (Lair:6)
  10 blink frogs
  7 hippogriffs
  6 spriggans
  4 shadows
  31 yaks
  9 wyverns
  A fire bat (Volcano)
  2 fire elementals (Orc:2)
  7 vampire mosquitoes
  2 basilisks
  A human (D:7)
  2 steam dragons (Volcano)
  A hungry ghost (D:12)
  A hog (D:7)
  3 wargs
  6 insubstantial wisps
  18 swamp worms
  3 hell hounds (Orc:2)
  An acid dragon (D:12)
  6 water moccasins
  7 porcupines
  7 swamp drakes
  9 ice beasts
  4 sky beasts
  10 orc warriors
  A hornet zombie (D:11)
  2 necrophages
  2 phantoms
  10 wolves
  8 ogres
  8 centaurs
  13 crocodiles
  2 big kobolds
  11 bullfrogs
  A water moccasin zombie (D:6)
  A wyvern skeleton (D:12)
  5 killer bees
  4 scorpions
  6 wights
  2 howler monkeys (D:6)
  3 electric eels
  5 crimson imps
  A bullfrog zombie (D:10)
  A quasit (D:6)
  2 centaur zombies (D:12)
  7 orc priests
  6 hounds
  A jelly (D:11)
  3 bullfrog skeletons
  A centaur skeleton (D:8)
  13 worker ants
  6 iguanas
  15 orc wizards
  5 hell rats
  4 hound zombies
  2 human simulacra (D:10)
  A worker ant zombie (D:11)
  5 gnolls
  11 adders
  3 river rats (D:11)
  4 shadow imps
  An ooze (D:4)
  An adder skeleton (D:4)
  3 worms
  A dart slug (D:2)
  4 leopard geckos
  47 orcs
  5 giant cockroaches
  9 goblins
  5 hobgoblins
  14 jackals
  12 kobolds
  4 quokkas
  4 ball pythons
  3 bats
  6 frilled lizards
  A jackal skeleton (D:5)
  A jackal zombie (D:9)
  2 leopard gecko skeletons
  A quokka zombie (D:5)
  8 rats
  A plant (Volcano)
586 creatures vanquished.

Vanquished Creatures (collateral kills)
  A fire dragon (Volcano)
  A hydra (Lair:6)
  A two-headed ogre (Volcano)
  2 alligators (Swamp:2)
  A shambling mangrove (Swamp:2)
  An orc knight (Orc:1)
  2 salamanders (Volcano)
  9 elephants
  3 spiny frogs
  2 rime drakes
  A komodo dragon (Lair:6)
  A troll (Orc:1)
  5 dream sheep (Lair:6)
  7 blink frogs
  19 yaks
  3 fire elementals (Orc:2)
  A basilisk (Lair:1)
  3 hogs (D:7)
  2 fire bats (Volcano)
  5 vampire mosquitoes
  2 swamp worms (Lair:3)
  2 hell hounds (Lair:4)
  A water moccasin (Lair:6)
  3 porcupines
  A swamp drake (Swamp:2)
  An orc warrior (D:11)
  4 ogres
  2 wolves (Lair:4)
  A centaur (D:13)
  A big kobold (D:11)
  6 crocodiles
  3 bullfrogs
  3 killer bees
  2 wights
  A crimson imp (D:8)
  A hound (D:8)
  A river rat (D:11)
  3 orcs
  A fungus (Lair:5)
109 creatures vanquished.

Vanquished Creatures (others)
  An orc wizard (Orc:2)
  A gnoll (D:6)
  19 fungi
  33 plants
54 creatures vanquished.

Grand Total: 749 creatures vanquished

Notes
Turn   | Place    | Note
-------+----------+-------------------------------------------
     0 | D:1      | soberaf the Gargoyle Fighter began the quest for the Orb.
     0 | D:1      | Reached XP level 1. HP: 14/14 MP: 1/1
   656 | D:1      | Reached XP level 2. HP: 19/19 MP: 2/2
  1347 | D:2      | Reached XP level 3. HP: 22/23 MP: 3/3
  2309 | D:3      | Reached XP level 4. HP: 27/28 MP: 4/4
  2718 | D:3      | Reached XP level 5. HP: 32/32 MP: 5/5
  3028 | D:3      | Found an ornate altar of the Wu Jian Council.
  3279 | D:4      | Reached skill level 5 in Maces & Flails
  3381 | D:4      | Learned a level 4 spell: Summon Ice Beast
  3442 | D:4      | Reached XP level 6. HP: 23/37 MP: 6/6
  3467 | D:4      | Reached skill level 1 in Ice Magic
  3488 | D:4      | Reached skill level 1 in Summonings
  3690 | D:4      | Reached skill level 1 in Spellcasting
  3892 | D:4      | Reached XP level 7. HP: 34/41 MP: 8/8
  4073 | D:5      | Entered Level 5 of the Dungeon
  4310 | D:5      | Found an ancient bone altar of Kikubaaqudgha.
  4316 | D:5      | Found a glowing golden altar of the Shining One.
  4330 | D:5      | Found a glowing silver altar of Zin.
  4330 | D:5      | Found an iron altar of Okawaru.
  4331 | D:5      | Found a hazy altar of Hepliaklqana.
  4337 | D:5      | Found a stormy altar of Qazlal.
  4351 | D:5      | Became a worshipper of Kikubaaqudgha
  4588 | D:5      | Reached XP level 8. HP: 33/48 MP: 10/10
  4844 | D:5      | Noticed cirnu's ghost (novice DsFi)
  5108 | D:5      | Found a hide-covered altar of Uskayaw.
  5185 | D:6      | Reached * piety under Kikubaaqudgha
  5185 | D:6      | Identified Kikubaaqudgha's Collected Works on Evil Arts (Kikubaaqudgha gifted it to you on level 6 of the Dungeon)
  5185 | D:6      | Received a gift from Kikubaaqudgha
  5466 | D:6      | Found Qinug's Armour Emporium.
  5544 | D:6      | Found a basalt altar of Yredelemnul.
  5925 | D:6      | Reached XP level 9. HP: 17/52 MP: 13/13
  6212 | D:6      | Found a staircase to the Ecumenical Temple.
  6472 | D:7      | Reached skill level 5 in Fighting
  6501 | D:7      | Found a runed door.
  6674 | D:7      | Reached skill level 5 in Ice Magic
  7031 | D:7      | Found a sparkling altar of Nemelex Xobeh.
  7263 | D:7      | Reached skill level 5 in Summonings
  7941 | D:8      | Reached ** piety under Kikubaaqudgha
  7950 | D:8      | Reached XP level 10. HP: 41/60 MP: 8/15
  8610 | D:8      | Learned a level 4 spell: Throw Icicle
  8639 | D:8      | Reached skill level 1 in Conjurations
  9309 | D:6      | Bought a +2 helmet for 214 gold pieces
  9331 | D:6      | Identified a scroll of acquirement
  9332 | D:6      | Found the +0 Maxwell's etheric cage {RegenMP+ *Contam rElec MP+4}
  9474 | D:9      | Found a white marble altar of Elyvilon.
  9779 | D:9      | Found a shattered altar of Ashenzari.
 10273 | D:9      | Learned a level 2 spell: Blink
 10277 | D:9      | Learned a level 3 spell: Conjure Flame
 10361 | D:9      | Found a deep blue altar of Sif Muna.
 10424 | D:9      | Reached *** piety under Kikubaaqudgha
 10424 | D:9      | Identified Kikubaaqudgha's Incunabulum of Sinister Rites (Kikubaaqudgha gifted it to you on level 9 of the Dungeon)
 10424 | D:9      | Received a gift from Kikubaaqudgha
 10531 | D:10     | Entered Level 10 of the Dungeon
 10653 | D:10     | Reached skill level 5 in Spellcasting
 10653 | D:10     | Reached skill level 1 in Necromancy
 10685 | D:10     | Found a staircase to the Orcish Mines.
 10828 | D:10     | Got a heavily runed leather armour
 10830 | D:10     | Identified the +2 leather armour of Afionoq {rF+} (You found it on level 10 of the Dungeon)
 10874 | D:10     | Killed an unseen horror
 10874 | D:10     | Reached skill level 5 in Conjurations
 10874 | D:10     | Reached XP level 11. HP: 63/67 MP: 18/18
 11271 | D:10     | Paralysed by an orc for 2 turns
 11557 | D:11     | Noticed a death yak
 11558 | D:11     | Found a staircase to the Lair.
 11686 | D:11     | Reached **** piety under Kikubaaqudgha
 12138 | D:11     | Noticed a death yak
 12725 | D:11     | Noticed a sixfirhy
 12730 | D:11     | Noticed a death yak
 12806 | D:11     | Upgraded the game from 0.21-a0-440-g28109cb to 0.21-a0-442-g848f44b
 12844 | D:11     | Noticed a manticore
 12853 | D:11     | Killed a manticore
 12858 | D:11     | Paralysed by a big kobold for 3 turns
 12911 | Lair:1   | Entered Level 1 of the Lair of Beasts
 13893 | Lair:1   | Reached XP level 12. HP: 48/73 MP: 20/20
 14016 | Lair:1   | Noticed an eight-headed hydra
 14046 | Lair:1   | Killed an eight-headed hydra
 14540 | Lair:2   | Got a translucent leather armour
 14906 | Lair:3   | Noticed a four-headed hydra
 14912 | Lair:3   | Noticed Nergalle
 14920 | Lair:3   | Killed a four-headed hydra
 14999 | Lair:3   | Reached ***** piety under Kikubaaqudgha
 14999 | Lair:3   | Reached skill level 10 in Maces & Flails
 14999 | Lair:3   | Reached skill level 5 in Necromancy
 15569 | Lair:3   | Found a hole to the Spider Nest.
 15689 | Lair:1   | Learned a level 4 spell: Control Undead
 15695 | Lair:1   | Learned a level 5 spell: Bolt of Draining
 15971 | Lair:3   | Found a staircase to the Swamp.
 16464 | Lair:3   | Killed Nergalle
 16615 | Lair:4   | Got a polished chain mail
 16795 | Lair:4   | Found a dark tunnel.
 16858 | Volcano  | Entered a volcano
 17019 | Volcano  | Reached XP level 13. HP: 73/80 MP: 23/23
 17385 | Volcano  | Reached skill level 10 in Conjurations
 17807 | Volcano  | Noticed a fire dragon
 17823 | Volcano  | Killed a fire dragon
 19692 | Lair:1   | Learned a level 6 spell: Death Channel
 20712 | Lair:4   | Reached skill level 10 in Fighting
 21149 | Lair:5   | Gained mutation: Your large and strong wings let you fly indefinitely. [Gargoyle growth]
 21149 | Lair:5   | Reached XP level 14. HP: 45/88 MP: 12/26
 21675 | Lair:6   | Entered Level 6 of the Lair of Beasts
 21696 | Lair:6   | Found a hide-covered altar of Uskayaw.
 22134 | Lair:6   | HP: 2/88 [black mamba (12)]
 22648 | Lair:6   | Got a smoking quarterstaff
 22838 | Lair:6   | Identified the +1 leather armour "Ustri Rah" {rPois rN+ Str+6 Dex-3} (You found it on level 2 of the Lair of Beasts)
 22915 | Lair:6   | Found a viscous altar of Jiyva.
 22915 | Lair:6   | Found a staircase to the Slime Pits.
 23084 | Lair:6   | Reached ****** piety under Kikubaaqudgha
 23109 | Lair:6   | Got a faintly glowing turquoise ring
 23965 | Lair:1   | Identified the ring of Ohoaguq {rF+ rN+ Int+8} (You found it on level 6 of the Lair of Beasts)
 23973 | Lair:1   | Identified the +10 quarterstaff of Invincibility {drain, +Fly MP-9 Str+4} (You found it on level 6 of the Lair of Beasts)
 24107 | D:12     | Found Lianoxtu's Food Shoppe.
 24179 | D:12     | Found Wakhip's Antique Armour Boutique.
 24611 | D:12     | Found Guehua's Gadget Emporium.
 24628 | D:12     | Found Zomme's Antique Weapon Shoppe.
 24711 | D:12     | Got a bound bone amulet
 24719 | D:12     | Got a fine robe
 24775 | D:12     | Identified the +0 robe of Repulsion {*Slow +Fly rC+ Int+5} (You found it on level 12 of the Dungeon)
 25172 | D:12     | Found Bewed's Book Emporium.
 25360 | D:13     | Reached skill level 10 in Spellcasting
 25771 | Orc:1    | Entered Level 1 of the Orcish Mines
 25772 | Orc:1    | Upgraded the game from 0.21-a0-442-g848f44b to 0.21-a0-450-gd87a9b2
 25798 | Orc:1    | Found Piano's Gadget Boutique.
 25915 | Orc:1    | Found Giogrum's Book Shoppe.
 25977 | Orc:1    | Found a roughly hewn altar of Beogh.
 26264 | Orc:2    | Entered Level 2 of the Orcish Mines
 26471 | Orc:2    | Noticed Azrael
 26480 | Orc:2    | HP: 4/90 [wolf (7)]
 26480 | Orc:2    | HP: 1/90 [warg (3)]
 26494 | Orc:2    | HP: 1/90 [wolf (2)]
 27705 | Orc:2    | Noticed Saint Roka
 27842 | Swamp:1  | Entered Level 1 of the Swamp
 28098 | Swamp:1  | Reached XP level 15. HP: 17/95 MP: 16/29
 28428 | Swamp:1  | Reached skill level 10 in Necromancy
 30092 | Swamp:2  | Reached skill level 1 in Dodging
 31504 | Swamp:2  | Identified the amulet "Bopny" {RegenMP Dex+2 Slay+2} (You found it on level 12 of the Dungeon)
 32302 | Swamp:3  | Noticed a thorn hunter
 32311 | Swamp:3  | Killed a thorn hunter
 32920 | Swamp:4  | Entered Level 4 of the Swamp
 33183 | Swamp:4  | Noticed namelastname112's ghost (adept FoWn)
 33386 | Swamp:4  | Mangled by namelastname112's ghost

Vault maps used:
D:1:      minmay_arrival_jagged, minmay_misc_feat_tower
D:2:      kennysheep_big_flooded_room
D:3:      nicolae_overflow_crystal_walls, small_statue_intersection
D:5:      kennysheep_mini, minitemple, first_bread
D:6:      yredelemnul_altar_generic, minmay_temple_entry_junction_2,
          serial_shops, shop_fountains
D:7:      marbit_many_paths, serial_co_window_serial, co_window_paths_a,
          co_window_paths_a, co_window_corner_a, co_window_of_opportunity_a,
          co_window_corner_a, co_window_paths_a, co_window_corner_a,
          co_window_2corner, co_window_broadway_b, co_window_corner_b,
          co_window_corner_b, co_window_4corner_a, grunt_livestock,
          uniq_crazy_yiuf_cottage
D:9:      kennysheep_little_box, old_standard_altar, basic_altar
D:10:     orc_0_dummy, enter_bailey_2, bh_circular_ruins
D:11:     dpeg_lair_monsters
D:12:     serial_shops, kennysheep_mini_moat, shop, shop_statue,
          nicolae_shop_stone, shop, minmay_misc_feat_cross, nrook_pool_corridor,
          minmay_misc_feat_doors, minivault_1
Lair:2:   grunt_forest_small_clearings, serial_bayou_shore_a,
          infiniplex_staircase_pool
Lair:3:   nicolae_swamp_entry_splash_gauntlet,
          nicolae_spider_entry_orb_guardian, uniq_nergalle
Lair:4:   enter_volcano_3, grunt_megastairs_2
Lair:6:   evil_forest, dpeg_slime_entry_enclosed_altar, basic_altar,
          grunt_megastairs_3
Swamp:1:  hangedman_swamp_ruin_wall
Swamp:2:  nicolae_swamp_feature_on_the_river_bank,
          nicolae_swamp_alligator_family
Swamp:3:  evilmike_swamp_ruin_house_4
Swamp:4:  swamp_old_school, swamp_pool1, nicolae_swamp_dense_foliage
Orc:1:    nicolae_orc_accident_2, serial_shops, shop, nicolae_shop_trees,
          nicolae_shop_statue_plus
Orc:2:    grunt_orc_community_town_hall, grunt_orc_community_big_house_1,
          grunt_orc_community_big_house_2, grunt_orc_community_house_1,
          grunt_orc_community_house_3, grunt_orc_community_house_3,
          grunt_orc_community_house_1, grunt_orc_community_house_3,
          mines5_lemuel, uniq_azrael
Volcano:  pf_volcano_lost_world

Skill      XL: |  1  2  3  4  5  6  7  8  9 10 11 12 13 14 15 |
---------------+----------------------------------------------+-----
Maces & Flails | 3 4 5 6 7 8 9 10 | 10.5
Shields        | 4 |  4.0
Ice Magic      | 1 2 4 6 8 |  8.0
Summonings     | 1 2 4 5 6 |  6.0
Spellcasting   | 1 2 3 5 6 8 10 11 | 11.0
Armour         | 4 |  4.0
Fighting       | 4 5 7 8 9 10 11 12 | 12.2
Conjurations   | 5 7 9 11 12 | 12.1
Necromancy     | 1 4 6 8 9 10 | 10.9
Dodging        | 3 |  3.0

Action                   |  1- 3 |  4- 6 |  7- 9 | 10-12 | 13-15 || total
-------------------------+-------+-------+-------+-------+-------++-------
Melee: Flail             |    33 |       |   168 |   280 |       ||   481
       Whip              |   144 |   197 |   441 |       |       ||   782
       Morningstar       |       |       |       |   551 |   884 ||  1435
Throw: Stone             |     1 |       |       |       |       ||     1
       Tomahawk          |       |     6 |    23 |     1 |       ||    30
 Cast: Summon Ice Beast  |       |       |     6 |    85 |    82 ||   173
       Throw Icicle      |       |       |       |    54 |   396 ||   450
       Conjure Flame     |       |       |       |     9 |     4 ||    13
       Blink             |       |       |       |     2 |     2 ||     4
       Bolt of Draining  |       |       |       |       |     7 ||     7
       Control Undead    |       |       |       |       |     3 ||     3
 Abil: Fly               |       |       |       |       |     1 ||     1
Evoke: Wand              |       |       |       |       |     1 ||     1
  Use: Scroll            |     4 |       |     7 |    17 |    13 ||    41
       Potion            |       |     6 |     3 |     2 |     5 ||    16
 Stab: Distracted        |       |       |       |     8 |     4 ||    12
       Sleeping          |       |       |       |     7 |       ||     7
  Eat: Chunk             |     4 |     6 |    12 |    43 |    41 ||   106
       Royal jelly       |       |       |     1 |     1 |     2 ||     4
       Meat ration       |       |       |       |     3 |     5 ||     8
       Bread ration      |       |       |       |       |     4 ||     4
       Fruit             |       |       |       |       |     1 ||     1
Armor: Scale mail        |    17 |       |       |       |       ||    17
       Ring mail         |    43 |    50 |       |       |       ||    93
       Leather armour    |       |    20 |   221 |   469 |   674 ||  1384
Dodge: Dodged            |    54 |    61 |   273 |   435 |   645 ||  1468
Block: Shield            |    26 |       |       |       |       ||    26
       Buckler           |    28 |    35 |   107 |   189 |   213 ||   572
       Reflection        |       |       |       |       |     1 ||     1

Table legend:
 A = Spawn XP
 B = Non-spawn XP
 C = Spawn XP percentage of total XP
 D = Spawn monster count
 E = Non-spawn monster count
 F = Spawn count percentage of total count
 G = Total turns spent on level
                    A         B        C        D         E        F      G
               +---------+---------+-------+---------+---------+-------+---------
         Total |       0 |  120957 |   0.0 |       0 |     694 |   0.0 | 33386
               +---------+---------+-------+---------+---------+-------+---------
           D:1 |       0 |      19 |   0.0 |       0 |      12 |   0.0 |  1206
           D:2 |       0 |      83 |   0.0 |       0 |      16 |   0.0 |  1067
           D:3 |       0 |     114 |   0.0 |       0 |      28 |   0.0 |   969
           D:4 |       0 |     483 |   0.0 |       0 |      26 |   0.0 |   894
           D:5 |       0 |     897 |   0.0 |       0 |      35 |   0.0 |  1192
           D:6 |       0 |    1107 |   0.0 |       0 |      22 |   0.0 |  1230
           D:7 |       0 |    1729 |   0.0 |       0 |      21 |   0.0 |  1496
           D:8 |       0 |    1827 |   0.0 |       0 |      26 |   0.0 |  1366
           D:9 |       0 |    2005 |   0.0 |       0 |      24 |   0.0 |  1111
          D:10 |       0 |    3265 |   0.0 |       0 |      34 |   0.0 |  1019
          D:11 |       0 |    3311 |   0.0 |       0 |      42 |   0.0 |  1540
          D:12 |       0 |    3796 |   0.0 |       0 |      39 |   0.0 |  1594
          D:13 |       0 |    2731 |   0.0 |       0 |      13 |   0.0 |    60
        Lair:1 |       0 |    5633 |   0.0 |       0 |      30 |   0.0 |  1420
        Lair:2 |       0 |    2082 |   0.0 |       0 |       7 |   0.0 |   918
        Lair:3 |       0 |    7809 |   0.0 |       0 |      27 |   0.0 |  2050
        Lair:4 |       0 |   11150 |   0.0 |       0 |      46 |   0.0 |  2516
        Lair:5 |       0 |    5707 |   0.0 |       0 |      17 |   0.0 |  1108
        Lair:6 |       0 |   16582 |   0.0 |       0 |      56 |   0.0 |  2222
       Swamp:1 |       0 |   15318 |   0.0 |       0 |      40 |   0.0 |  2307
       Swamp:2 |       0 |   11436 |   0.0 |       0 |      28 |   0.0 |  1601
       Swamp:3 |       0 |    6816 |   0.0 |       0 |      15 |   0.0 |   914
       Swamp:4 |       0 |    3165 |   0.0 |       0 |       8 |   0.0 |   449
         Orc:1 |       0 |    3648 |   0.0 |       0 |      31 |   0.0 |  1817
         Orc:2 |       0 |    2596 |   0.0 |       0 |      24 |   0.0 |   136
       Volcano |       0 |    7648 |   0.0 |       0 |      27 |   0.0 |  1184
               +---------+---------+-------+---------+---------+-------+---------
